 Dungeon Crawl Stone Soup version 0.28-a0-991-g956f0ee3d5 (webtiles) character file.

Game seed: 2375133241658161138

1143 BinkBink the Chopper (level 8, -4/68 HPs)
             Began as a Hill Orc Fighter on Dec 5, 2021.
             Was an Elder of Lugonu.
             Slain by an orc warrior (8 damage)
             ... on level 5 of the Dungeon.
             The game lasted 00:09:31 (4937 turns).

BinkBink the Chopper (Hill Orc Fighter)             Turns: 4937, Time: 00:09:32

Health: -4/68      AC:  8    Str: 20 (21) XL:     8   Next: 37%
Magic:  11/11      EV: 10    Int:  7 (8)  God:    Lugonu [****..]
Gold:   141        SH:  4    Dex:  8 (10) Spells: 9/11 levels left

rFire   . . .      SeeInvis +   a - +0 war axe
rCold   . . .      Faith    .   c - +0 buckler
rNeg    . . .      Spirit   .   b - +0 scale mail
rPois   .          Reflect  .   (no helmet)
rElec   .          Harm     .   (no cloak)
rCorr   .          Rampage  .   (no gloves)
Will    .....                   l - +0 pair of boots
Stlth   ..........              (no amulet)
HPRegen 0.21/turn               m - ring of see invisible
MPRegen 0.12/turn               (no ring)

@: no status effects
A: no striking features
a: Renounce Religion, Depart the Abyss, Bend Space, Banish, Corrupt


You were on level 5 of the Dungeon.
You worshipped Lugonu.
Lugonu was greatly pleased with you.
You visited 1 branch of the dungeon, and saw 5 of its levels.

You collected 141 gold pieces.

Inventory:

Hand Weapons
 a - a +0 war axe (weapon)
 n - the +9 short sword of Truth {pain, *Rage +Blink Dex+4 Stlth+}
   (You found it on level 4 of the Dungeon)

   In the hands of one skilled in necromantic magic, it inflicts extra damage on
   living creatures.
   Dex:       It affects your dexterity (+4).
   +Blink:    It lets you blink.
   *Rage:     It berserks you when you make melee attacks (+20% chance).
   Stlth:     It makes you more stealthy.
Armour
 b - a +0 scale mail (worn)
 c - a +0 buckler (worn)
 l - a +0 pair of boots (worn)
Jewellery
 m - a ring of see invisible (left hand)
 q - a ring of magical power
Wands
 e - a wand of mindburst (11)
Scrolls
 f - a scroll of enchant armour
 h - 2 scrolls of vulnerability
 k - a scroll of noise
 r - a scroll of magic mapping {unknown}
 t - a scroll of amnesia {unknown}
Potions
 d - 2 potions of might
 g - 2 potions of lignification {unknown}
 j - a potion of invisibility


   Skills:
 + Level 5.3 Fighting
 + Level 7.6 Axes
 + Level 5.4 Armour
 + Level 1.7 Dodging
 + Level 4.3 Shields
 * Level 2.2 Spellcasting
 * Level 2.2 Transmutations


You had 9 spell levels left.
You knew the following spells:

 Your Spells              Type           Power      Damage    Failure   Level
a - Wereblood             Tmut           3%         N/A       52%         2

Your spell library contained the following spells:

 Spells                   Type           Power      Damage    Failure   Level
 Beastly Appendage        Tmut           6%         N/A       38%         1
 Spider Form              Tmut/Pois      2%         N/A       89%         3
 Stone Arrow              Conj/Erth      0%         3d7       97%         3
 Animate Armour           Summ/Erth      0%         N/A       100%        4
 Lehudib's Crystal Spear  Conj/Erth      0%         10d2      100%        8


Dungeon Overview and Level Annotations

Branches:
Dungeon (5/15)             Temple (0/1) D:4

Altars:
Lugonu

Shops:
D:3 =


Message History

Things that are here:
a +0 dagger; a +0 robe; an orc corpse You feel less confused.
An orc warrior is nearby!
The orc warrior shouts!
The orc warrior barely misses you.
You closely miss the orc warrior.
The orc warrior hits you with a +0 war axe!
You closely miss the orc warrior. You block the orc warrior's attack.
The orc warrior hits you but does no damage.
You slash the orc warrior!
The orc warrior is moderately wounded.
The orc warrior closely misses you.
You hit the orc warrior but do no damage.
The orc warrior is moderately wounded.
The orc warrior hits you with a +0 war axe.
You hit the orc warrior.
The orc warrior is moderately wounded.
The orc warrior hits you with a +0 war axe!
You slash the orc warrior!
The orc warrior is severely wounded.
The orc warrior hits you with a +0 war axe.
You closely miss the orc warrior.
The orc warrior is severely wounded.
The orc warrior hits you with a +0 war axe.
You hit the orc warrior but do no damage.
The orc warrior is severely wounded.
The orc warrior barely misses you.
You hit the orc warrior but do no damage.
The orc warrior is severely wounded.
The orc warrior hits you with a +0 war axe!
You barely miss the orc warrior.
The orc warrior is severely wounded.
You block the orc warrior's attack.
The orc warrior hits you with a +0 war axe!!
* * * LOW HITPOINT WARNING * * *
You hit the orc warrior but do no damage.
The orc warrior is severely wounded.
The orc warrior hits you with a +0 war axe!
You die...

.# #.# .# ##.# .#
...# ## # #..# # .#
#..# ##.# #..# ...#
#..# ###### #
.#####..####....##.#
................@o.#
..#####.####....####
#.## #.# #.)..# #..#
#.# #....# ##.# #.#
#....# #.# #.#
#....# ##.####.#
#..).#######
#.......#
###.........
#.......# #[########


You could see an orc warrior.

Vanquished Creatures
  Pikel (D:5)
  A water moccasin (D:4)
  An ogre (D:4)
  Blork the orc (D:5)
  A scorpion (D:5)
  Dowan (D:5)
  A centaur zombie (D:4)
  2 orc priests
  A centaur skeleton (D:4)
  2 iguanas
  An orc wizard (D:5)
  A scorpion zombie (D:5)
  3 adders
  An adder skeleton (D:4)
  3 worms
  A dart slug (D:1)
  An orc (D:5)
  10 bats
  5 endoplasms
  7 giant cockroaches
  2 goblins
  7 hobgoblins
  5 jackals
  2 quokkas (D:3)
  7 ball pythons
  10 frilled lizards
  2 kobolds (D:4)
  9 rats
89 creatures vanquished.

Vanquished Creatures (others)
  4 toadstools (D:1)
4 creatures vanquished.

Grand Total: 93 creatures vanquished

Notes
Turn   | Place    | Note
-------+----------+-------------------------------------------
     0 | D:1      | BinkBink the Hill Orc Fighter began the quest for the Orb.
     0 | D:1      | Reached XP level 1. HP: 19/19 MP: 1/1
    10 | D:1      | Found a faded altar of an unknown god.
    20 | D:1      | Prayed at the altar of an unknown god.
    20 | D:1      | Became a worshipper of Lugonu the Unformed
    20 | D:1      | Reached * piety under Lugonu
    20 | D:1      | Reached ** piety under Lugonu
   115 | D:1      | Reached XP level 2. HP: 27/27 MP: 2/2
   173 | D:1      | Reached skill level 3 in Axes
   443 | D:1      | Reached XP level 3. HP: 33/33 MP: 3/3
   924 | D:2      | Reached *** piety under Lugonu
  1468 | D:3      | Reached skill level 4 in Axes
  1468 | D:3      | Reached skill level 1 in Dodging
  1468 | D:3      | Reached XP level 4. HP: 38/40 MP: 4/4
  1609 | D:3      | Found Quzxuqut's Jewellery Shop.
  2024 | D:4      | Noticed an ogre
  2181 | D:4      | Reached XP level 5. HP: 46/46 MP: 5/5
  2181 | D:4      | Identified the +9 short sword of Truth {pain, *Rage +Blink
                  | Dex+4 Stlth+}
  2342 | D:4      | Learned a level 2 spell: Wereblood
  2679 | D:4      | Killed an ogre
  2680 | D:4      | Reached skill level 5 in Axes
  2680 | D:4      | Reached XP level 6. HP: 33/53 MP: 5/7
  2901 | D:4      | Found a staircase to the Ecumenical Temple.
  3225 | D:5      | Entered Level 5 of the Dungeon
  3225 | D:5      | Noticed Blork the orc
  3235 | D:5      | Killed Blork the orc
  3236 | D:5      | Reached skill level 1 in Spellcasting
  3237 | D:5      | Noticed an orc warrior
  3550 | D:5      | Noticed Pikel
  3565 | D:5      | Killed Pikel
  3566 | D:5      | Reached skill level 5 in Fighting
  3566 | D:5      | Reached skill level 7 in Axes
  3566 | D:5      | Reached skill level 5 in Armour
  3566 | D:5      | Reached skill level 1 in Transmutations
  3566 | D:5      | Reached XP level 7. HP: 27/61 MP: 7/9
  3779 | D:5      | Reached XP level 8. HP: 52/68 MP: 10/10
  4258 | D:4      | HP: 3/68 [poisoned by a water moccasin]
  4622 | D:5      | Reached **** piety under Lugonu
  4663 | D:5      | Noticed Dowan
  4718 | D:5      | Killed Dowan
  4937 | D:5      | Slain by an orc warrior

Illustrated notes

Levels and vault maps discovered:
D:1:      ldierk_walled_garden_2, layout_basic, basic_ecumenical_altar,
          minmay_lizard_pond
D:2:      layout_loops_ring
D:3:      layout_basic, serial_shops, nicolae_square_shop, chequers_avenue,
          kennysheep_generic_room_12
D:4:      layout_loops_ring, minmay_temple_entry_proselytizer, st_stairs_14
D:5:      layout_basic, uniq_pikel, uniq_blork_the_orc, uniq_duvessa

Skill      XL: |  1  2  3  4  5  6  7  8 |
---------------+-------------------------+-----
Fighting       | 4 5 |  5.3
Axes           | 3 4 5 7 |  7.6
Dodging        | 1 |  1.7
Armour         | 4 5 |  5.4
Shields        | 4 |  4.3
Spellcasting   | 1 2 |  2.2
Transmutations | 1 2 |  2.2

Action                   |  1- 3 |  4- 6 |  7- 9 || total
-------------------------+-------+-------+-------++-------
Melee: War axe           |   136 |   135 |    85 ||   356
  Use: Scroll            |       |     3 |       ||     3
       Potion            |       |     2 |     8 ||    10
Armor: Scale mail        |    77 |    65 |    27 ||   169
Dodge: Dodged            |    70 |    57 |    49 ||   176
Block: Buckler           |    39 |    23 |    15 ||    77

Table legend: (Time is in decaauts)
 A = Elapsed time spent in this place.
 B = Non-inter-level travel time spent in this place.
 C = Inter-level travel time spent in this place.
 D = Time resting spent in this place.
 E = Time spent auto-exploring this place.
 F = Levels seen in this place.
 G = Mean time per level.
                   A        B        C        D        E       F      G
               +--------+--------+--------+--------+--------+-----+--------+
         Total |   5037 |   4570 |    467 |      0 |   3636 |   5 | 1007.4 |
       Dungeon |   5037 |   4570 |    467 |      0 |   3636 |   5 | 1007.4 |
               +--------+--------+--------+--------+--------+-----+--------+

Top non-repeatable levels by time:
     D:4: 1955 daAuts
     D:5: 814 daAuts
     D:2: 805 daAuts
     D:3: 800 daAuts
     D:1: 661 daAuts
